 Dungeon Crawl Stone Soup version 0.25.0-11-g1f837a76a1 (webtiles) character file.

Game seed: 14368463754000907803

40 Descartes the Grave Robber (level 3, -2/24 HPs)
             Began as a Vampire Necromancer on June 26, 2020.
             Slain by a worker ant (7 damage)
             ... on level 2 of the Dungeon.
             The game lasted 00:09:34 (1616 turns).

Descartes the Grave Robber (Vampire Necromancer)    Turns: 1616, Time: 00:09:34

Health: -2/24      AC:  3    Str:  7    XL:     3   Next: 30%
Magic:  0/6        EV: 13    Int: 18    God:
Gold:   116        SH:  0    Dex: 14    Spells: 4/6 levels left

rFire    . . .     SeeInvis +   n - -1 dagger (curse)
rCold    . . .     Gourm    .   (no shield)
rNeg     . . .     Faith    .   a - +0 robe
rPois    .         Spirit   .   (no helmet)
rElec    .         Reflect  .   (no cloak)
rCorr    .         Harm     .   b - +0 pair of gloves
MR       .....                  (no boots)
Stlth    +++.......             (no amulet)
HPRegen  0.28/turn              (no ring)
MPRegen  0.10/turn              (no ring)

@: very slightly contaminated, regenerating quickly
A: no food, fangs 3, see invisible, unbreathing
a: Exsanguinate


You were on level 2 of the Dungeon.
You were alive.

You visited 1 branch of the dungeon, and saw 2 of its levels.

You collected 116 gold pieces.

Inventory:

Hand Weapons
 n - a cursed -1 dagger (weapon)
Missiles
 i - 42 arrows
 k - 49 stones (quivered)
Armour
 a - a +0 robe (worn)
 b - a +0 pair of gloves (worn)
Jewellery
 o - an uncursed ring of see invisible {unknown}
Scrolls
 c - a scroll of blinking {unknown}
 d - 3 scrolls of remove curse {unknown}
 f - a scroll of immolation {unknown}
 h - a scroll of enchant weapon {unknown}
 j - 3 scrolls of teleportation {unknown}
 l - a scroll of identify {unknown}
 q - a scroll of amnesia {unknown}
Potions
 e - a potion of ambrosia {unknown}
 g - a potion of brilliance {unknown}
 m - a potion of stabbing {unknown}
 p - a potion of degeneration {unknown}


   Skills:
 + Level 2.9 Dodging
 + Level 4.2 Stealth
 - Level 2.0 Spellcasting
 + Level 4.9 Necromancy


You had 4 spell levels left.
You knew the following spells:

 Your Spells              Type           Power        Failure   Level  Hunger
a - Pain                  Necr           ###.         2%          1    N/A
b - Animate Skeleton      Necr           N/A          2%          1    N/A

Your spell library contained the following spells:

 Spells                   Type           Power        Failure   Level  Hunger
 Vampiric Draining        Necr           ###.......   7%          3    N/A
 Animate Dead             Necr           N/A          24%         4    N/A
 Agony                    Necr           ###.....     54%         5    N/A

Dungeon Overview and Level Annotations

Branches:
Dungeon (2/15)

Altars:
Ashenzari
Hepliaklqana
Kikubaaqudgha
Qazlal
Wu Jian


Innate Abilities, Weirdness & Mutations

You do not eat.
Your natural rate of healing is unusually fast.
You have razor-sharp teeth.
You have supernaturally acute eyesight. (SInv)
You can survive without breathing.


Message History

The worker ant closely misses you. The worker ant bites you.
You hit the worker ant but do no damage.
The worker ant closely misses you.
You closely miss the worker ant. The worker ant barely misses you.
You closely miss the worker ant. The worker ant misses you.
Casting: Pain (safe; 2% risk of failure)
Confirm with . or Enter, or press ? or * to list all spells.
Aiming: Pain (safe; 2% risk of failure)
Press: ? - help, Shift-Dir - straight line, f/p - worker ant
Aim: a worker ant (chance to defeat MR: 84%)
The worker ant writhes in agony.
The worker ant bites you.
Casting: Pain (safe; 2% risk of failure)
Confirm with . or Enter, or press ? or * to list all spells.
You don't have enough magic to cast that spell.
You hit the worker ant.
The worker ant is heavily wounded.
The worker ant bites you.
* * * LOW HITPOINT WARNING * * *
The worker ant bites you!
You die...

#.#............
#.#.#.#####..#. .%#.#.##
#.... ..#.#..####.#..
#.#............ .
###.#.#..####.##. #..
...#............
#....#####.#....##.#.##.
......a@................
##...#####.#....######..
#. ###....# #..
........# ###..
####....# #...% ......#
#.#.. ###....# #.#..
#....# #.#.. .....#
#....


You could see a worker ant.

Vanquished Creatures
  2 worms (D:2)
  2 leopard geckos (D:2)
  3 giant cockroaches
  5 goblins (D:1)
  5 hobgoblins
  5 kobolds
  2 bats (D:1)
  2 frilled lizards
  5 rats
31 creatures vanquished.

Vanquished Creatures (collateral kills)
  A hobgoblin (D:1)
1 creature vanquished.

Grand Total: 32 creatures vanquished

Notes
Turn   | Place    | Note
-------+----------+-------------------------------------------
     0 | D:1      | Descartes the Vampire Necromancer began the quest for the
                  | Orb.
     0 | D:1      | Reached XP level 1. HP: 13/13 MP: 3/3
   141 | D:1      | Learned a level 1 spell: Animate Skeleton
   207 | D:1      | Reached XP level 2. HP: 17/19 MP: 0/5
  1086 | D:2      | Reached XP level 3. HP: 21/24 MP: 0/6
  1407 | D:2      | Found an ancient bone altar of Kikubaaqudgha.
  1408 | D:2      | Found a shattered altar of Ashenzari.
  1410 | D:2      | Found a hazy altar of Hepliaklqana.
  1411 | D:2      | Found an ornate altar of the Wu Jian Council.
  1412 | D:2      | Found a stormy altar of Qazlal.
  1616 | D:2      | Slain by a worker ant

Illustrated notes

Levels and vault maps discovered:
D:1:      minmay_arrival_semitransparent, layout_rooms
D:2:      layout_basic, minitemple, first_ration, evilmike_ruin_ashenzari

Skill      XL: |  1  2 |
---------------+-------+-----
Stealth        | 4 |  4.2
Dodging        | |  2.9
Spellcasting   | |  2.0
Necromancy     | |  4.9

Action                   || total
-------------------------++-------
Melee: Unarmed           ||    20
       Bite              ||     5
       Dagger            ||    28
 Cast: Pain              ||    72
       Animate Skeleton  ||    11
Armor: Robe              ||     8
Dodge: Dodged            ||    41
